 Dungeon Crawl Stone Soup version 0.29-a0-323-g050149af67 (webtiles) character file.

Game seed: 14014057134271730277

26086 Ajdolov the Convoker (level 12, 0/52 HPs)
             Began as a Felid Summoner on Apr 10, 2022.
             Was a High Priest of Hepliaklqana.
             Slain by a skeletal warrior
             ... wielding a +0 battleaxe
             ... led by a skeletal warrior
              (19 damage)
             ... on level 13 of the Dungeon.
             The game lasted 01:16:35 (28113 turns).

Ajdolov the Convoker (Felid Summoner)              Turns: 28113, Time: 01:16:36

Health: 0/52       AC:  7    Str:  4    XL:     12   Next: 95%
Magic:  10/22      EV: 26    Int: 21    God:    Hepliaklqana [*****.]
Gold:   853        SH:  0    Dex: 23    Spells: 3/23 levels left
                                        Lives:  0   Deaths: 3

rFire   . . .      SeeInvis +   (weapon unavailable)
rCold   + . .      Faith    .   (shield unavailable)
rNeg    . . .      Spirit   .   (body armour unavailable)
rPois   .          Reflect  .   (helmet unavailable)
rElec   .          Harm     .   (cloak unavailable)
rCorr   .          Rampage  .   (gloves unavailable)
Will    +....                   (boots unavailable)
Stlth   +++.......              (no amulet)
HPRegen 0.17/turn               g - +4 ring of protection
MPRegen 0.18/turn               z - +6 ring of dexterity

@: quick
A: reduced essence, very small, claws 1, fangs 3, see invisible, speed 1, shaggy
fur 3, stealthy paws, no weapons or thrown items, no armour, multi-lived
a: Renounce Religion, Recall Ancestor, Ancestor Identity, Transference, Idealise


You were on level 13 of the Dungeon.
You worshipped Hepliaklqana.
Hepliaklqana was extremely pleased with you.
You visited 3 branches of the dungeon, and saw 20 of its levels.

You collected 1373 gold pieces.
You spent 520 gold pieces at shops.

Inventory:

Jewellery
 g - a +4 ring of protection (left paw)
 z - a +6 ring of dexterity (right paw)
 A - a ring of protection from cold
 M - a ring of fire
 Q - a ring of ice
Wands
 f - a wand of digging (9)
 h - a wand of acid (8)
 y - a wand of iceblast (8)
 F - a wand of flame (20)
 G - a wand of paralysis (9)
 J - a wand of mindburst (5)
 P - a wand of polymorph (6)
Scrolls
 e - a scroll of vulnerability
 i - 7 scrolls of teleportation
 k - 5 scrolls of immolation
 l - a scroll of fog {unknown}
 m - a scroll of magic mapping {unknown}
 n - a scroll of acquirement {unknown}
 p - a scroll of brand weapon {unknown}
 s - a scroll of torment {unknown}
 t - a scroll of silence
 u - 2 scrolls of amnesia
 v - 5 scrolls of blinking
 w - 3 scrolls of enchant weapon
 E - 2 scrolls of fear
 I - a scroll of holy word
 L - 2 scrolls of noise
Potions
 a - 3 potions of magic
 b - 3 potions of resistance
 c - 2 potions of cancellation
 d - 5 potions of mutation
 j - 5 potions of might
 o - 3 potions of flight
 q - a potion of attraction
 r - 5 potions of curing
 x - a potion of berserk rage
 B - 2 potions of lignification
 C - 3 potions of brilliance
 D - 4 potions of haste
 H - 2 potions of heal wounds
 N - 4 potions of ambrosia
Miscellaneous
 K - a box of beasts


   Skills:
 - Level 10.0 Fighting
 - Level 10.0 Dodging
 - Level 2.6 Stealth
 - Level 6.0 Spellcasting
 - Level 2.1 Conjurations
 - Level 10.0 Hexes
 + Level 17.3 Summonings
 * Level 2.7 Necromancy
 - Level 5.0 Air Magic
 * Level 11.3 Invocations


You had 3 spell levels left.
You knew the following spells:

 Your Spells              Type           Power      Damage    Failure   Level
a - Summon Small Mammal   Summ           100%       N/A       0%          1
b - Call Imp              Summ           68%        N/A       0%          2
c - Call Canine Familiar  Summ           68%        N/A       1%          3
d - Summon Guardian Gole  Hex/Summ       59%        N/A       1%          3
e - Summon Lightning Spi  Summ/Air       52%        N/A       1%          4
f - Summon Hydra          Summ           34%        N/A       7%          7

Your spell library contained the following spells:

 Spells                   Type           Power      Damage    Failure   Level
 Corpse Rot               Necr/Air       44%        N/A       3%          2
 Poisonous Vapours        Pois/Air       32%        N/A       5%          2
 Conjure Flame            Conj/Fire      10%        6-21      19%         3
 Gell's Gravitas          Tloc           6%         N/A       28%         3
 Ignite Poison            Fire/Tmut/Pois 6%         N/A       28%         3
 Lesser Beckoning         Tloc           6%         N/A       28%         3
 Teleport Other           Tloc           6%         N/A       28%         3
 Summon Mana Viper        Hex/Summ       59%        N/A       1%          5
 Silence                  Hex/Air        18%        N/A       12%         5
 Sticky Flame             Conj/Fire      10%        2d3       54%         4
 Passage of Golubria      Tloc           6%         N/A       67%         4
 Iskenderun's Battlesphe  Conj           15%        2d7       75%         5
 Haunt                    Necr/Summ      24%        N/A       80%         7
 Spellforged Servitor     Conj/Summ      23%        N/A       83%         7
 Irradiate                Conj/Tmut      5%         3d15      87%         5
 Iron Shot                Conj/Erth      5%         9d2       100%        6
 Lehudib's Crystal Spear  Conj/Erth      5%         10d3      100%        8
 Necromutation            Tmut/Necr      6%         N/A       100%        8


Dungeon Overview and Level Annotations

Branches:
Dungeon (13/15)            Temple (1/1) D:4            Lair (6/6) D:9
  Swamp (0/4) Lair:2       Spider (0/4) Lair:3        Slime (0/5) Lair:5
    Orc (0/2) D:12         Vaults (0/5) D:13

Altars:
Ashenzari
Cheibriados
Dithmenos
Elyvilon
Fedhas
Gozag
Hepliaklqana
Kikubaaqudgha
Makhleb
Nemelex Xobeh
Ru
Trog
Uskayaw
Vehumet
Wu Jian
Xom
Zin
The Shining One
Beogh
Jiyva

Shops:
D:5 [   D:13 :

Portals:
Trove: D:12 (give 5 scrolls of blinking)

Annotations:
D:4 PeterMcNeter's ghost, novice DsFi
D:5 1 runed translucent door, qborf's ghost, novice OgBe
D:13 3 runed translucent doors, Corio's ghost, journeyman MyAr
Lair:4 2 transporters, Bytius's ghost, journeyman TeAE


Innate Abilities, Weirdness & Mutations

Your life essence is reduced to manifest your ancestor. (-10% HP)
You have sharp claws.
You have razor-sharp teeth.
You have supernaturally acute eyesight. (SInv)
You cover ground quickly. (Speed+)
Your thick and shaggy fur keeps you warm. (AC +3, rC+)
Your paws help you pounce on unaware monsters.
You are incapable of wielding weapons or throwing items.
You cannot wear armour.
You gain extra lives every three experience levels.


Message History

A fistful of eyes flickers past your view.
A nameless horror comes into view.
The nameless horror misses you.
The skeletal warrior hits your warg with a +0 mace!
Send 'em back where they came from!
Your warg shudders.
Your warg bites the skeletal warrior but does no damage.
The skeletal warrior enters a dispersal trap!
Your warg blinks!
Centenhua blinks!
Your warg blinks!
Centenhua blinks!
The nameless horror blinks!
You blink.
The skeletal warrior blinks!
The skeletal warrior hits you but does no damage.
Send 'em back where they came from!
Your warg shudders.
Your warg bites the nameless horror.
Your warg disappears in a puff of smoke!
Centenhua is recalled.
Casting: Summon Hydra (quite dangerous; 7% risk of failure)
Confirm with . or Enter, or press ? or * to list all spells.
The skeletal warrior hits Centenhua with a +0 mace!!
Centenhua is destroyed!
Unknown command.
Your warg bites the skeletal warrior but does no damage.
Send 'em back where they came from!
Your warg shudders.
Your warg bites the skeletal warrior!
Your warg barely misses the skeletal warrior.
The nameless horror misses your warg.
A skeletal warrior comes into view. It is wielding a +0 battleaxe.
Your warg closely misses the skeletal warrior.
Send 'em back where they came from!
Your warg shudders.
Your warg barely misses the skeletal warrior.
Your magical contamination has completely faded away.
Send 'em back where they came from!
Your warg shudders.
Your warg bites the skeletal warrior!
Send 'em back where they came from!
Your warg shudders.
The skeletal warrior hits you with a +0 battleaxe!!
You die...

#)J.#####..................# #
J....#..#..................# #
[JJ.J+..#..................###
[.J.J+.)))..........###'###...
JJ.WJ+.))##########.###)# #...
...JJ#...........##.)##.# #...
#..J####.^.......###.##.# #...
#####............# #.##.# #...
.............@...# #..#.###...
............z....# ##.#.##....
.................# #...##....
.............z...# ##.)##....
........#........


You could see 2 skeletal warriors, a nameless horror and a friendly warg
(summoned).

Vanquished Creatures
  A yak (Lair:4)
  An iguana (D:6)
  An orc wizard (D:7)
  Robin (D:3)
  A gnoll (D:4)
  2 adders (D:4)
  A dart slug (D:1)
  2 bats
  3 endoplasms
  A goblin (D:2)
  A frilled lizard (D:1)
  2 rats
17 creatures vanquished.

Vanquished Creatures (collateral kills)
  2 hydras
  An ice dragon (D:13)
  2 catoblepae
  4 two-headed ogres
  6 death yaks
  A merfolk avatar (Lair:6)
  5 centaur warriors
  A tengu warrior (D:13)
  Sonja (D:12)
  Nergalle (D:12)
  A sea snake (Lair:6)
  A bog body (Lair:2)
  A swamp dragon (shapeshifter) (D:13)
  A lindwurm (Lair:5)
  2 ugly things
  A necromancer (D:13)
  2 manticores (Lair:6)
  3 elephants (Lair:6)
  Maurice (D:10)
  8 cyclopes
  A torpor snail (Lair:3)
  4 black mambas
  3 gargoyles
  6 cane toads
  2 unseen horrors
  A kobold demonologist (D:13)
  3 rime drakes
  9 komodo dragons
  A tengu conjurer (D:13)
  3 trolls
  3 meliai (Lair:5)
  A queen bee (Lair:5)
  Grinder (D:6)
  A wind drake (Lair:6)
  4 polar bears
  2 hornets
  2 slime creatures (D:12)
  7 blink frogs
  7 dream sheep (Lair:6)
  Prince Ribbit (D:9)
  A water elemental (D:13)
  A vampire (D:12)
  6 shadows
  2 culicivoras (Lair:3)
  2 nameless horrors
  9 spriggans (Lair:3)
  3 wraiths
  37 yaks
  2 basilisks (Lair:6)
  4 wyverns
  A golden eye (shapeshifter) (D:13)
  A vampire mosquito (D:12)
  4 steam dragons
  2 swamp worms (Lair:2)
  2 acid dragons
  11 water moccasins
  2 ice beasts (D:8)
  8 orc warriors
  2 sky beasts
  A black bear (D:5)
  2 ogres
  2 boggarts (Lair:3)
  An ogre (shapeshifter) (D:13)
  A wolf (Lair:3)
  A centaur (D:13)
  5 kobold brigands
  9 bullfrogs
  7 necrophages
  2 scorpions (D:7)
  20 killer bees
  5 howler monkeys
  5 electric eels
  A centaur zombie (D:9)
  3 hounds
  3 jellies
  A gnoll shaman (D:8)
  5 orc priests
  2 iguanas
  10 orc wizards
  4 mummies (D:9)
  A howler monkey zombie (D:9)
  4 adders
  13 gnolls
  2 shadow imps
  3 white imps
  A worm (D:2)
  3 dart slugs
  37 orcs
  17 endoplasms
  3 giant cockroaches (D:2)
  12 goblins
  11 hobgoblins
  2 jackals (D:4)
  5 quokkas
  5 ball pythons
  7 bats
  5 frilled lizards
  20 kobolds
  2 rats
  A bush (Lair:2)
  2 butterflies (Lair:4)
453 creatures vanquished.

Vanquished Creatures (others)
  Harold (D:9)
  A boulder beetle (D:12)
  A two-headed ogre (D:7)
  5 death yaks
  A black mamba (Lair:6)
  A rime drake (Lair:3)
  A cane toad (Lair:6)
  2 komodo dragons
  2 hornets (Lair:3)
  A polar bear (Lair:4)
  A snapping turtle (Lair:6)
  3 spriggans (Lair:3)
  A culicivora (Lair:3)
  9 yaks
  A swamp worm (Lair:2)
  A water moccasin (Lair:2)
  An ogre (D:6)
  A boggart (Lair:3)
  2 bullfrogs
  A necrophage (D:5)
  6 killer bees
  An orc priest (D:12)
  A hound (D:6)
  9 knights
  An ancestor (D:7)
  An orc (D:13)
  4 bushes (Lair:6)
  42 fungi
  63 plants
  A withered plant (D:9)
166 creatures vanquished.

Grand Total: 636 creatures vanquished

Notes
Turn   | Place    | Note
-------+----------+-------------------------------------------
     0 | D:1      | Ajdolov the Felid Summoner began the quest for the Orb.
     0 | D:1      | Reached XP level 1. HP: 7/7 MP: 4/4
   153 | D:1      | Reached XP level 2. HP: 11/11 MP: 4/6
   937 | D:1      | Learned a level 2 spell: Call Imp
  1166 | D:1      | Found a faded altar of an unknown god.
  1287 | D:1      | Reached skill level 5 in Summonings
  1294 | D:1      | Reached XP level 3. HP: 13/14 MP: 0/7
  1983 | D:1      | Learned a level 3 spell: Call Canine Familiar
  2770 | D:3      | Reached XP level 4. HP: 18/18 MP: 5/8
  2847 | D:3      | Reached skill level 6 in Summonings
  3549 | D:3      | Noticed Robin
  3560 | D:3      | Killed Robin
  3659 | D:4      | Reached XP level 5. HP: 21/21 MP: 3/9
  4646 | D:4      | Reached skill level 1 in Fighting
  4646 | D:4      | Reached skill level 7 in Summonings
  4911 | D:4      | Found a staircase to the Ecumenical Temple.
  4919 | Temple   | Entered the Ecumenical Temple
  5111 | Temple   | Became a worshipper of Hepliaklqana the Forgotten
  5168 | D:4      | Found a runed translucent door.
  5175 | D:4      | Noticed PeterMcNeter's ghost (novice DsFi)
  5663 | D:5      | Entered Level 5 of the Dungeon
  5667 | D:5      | Got Jumaron's Almanac of Supportive Transformation
  5673 | D:5      | Noticed a black bear
  5678 | D:5      | Noticed an ogre
  5689 | D:5      | Killed an ogre
  5690 | D:5      | Reached skill level 1 in Hexes
  5690 | D:5      | Gained mutation: You are covered in thick fur. (AC +2)
                  | [Felid growth]
  5690 | D:5      | Reached XP level 6. HP: 25/25 MP: 2/10
  6028 | D:5      | Found a runed translucent door.
  6034 | D:5      | Noticed qborf's ghost (novice OgBe)
  6091 | D:5      | Reached XP level 7. HP: 28/28 MP: 6/11
  6095 | D:5      | Learned a level 3 spell: Summon Guardian Golem
  6160 | D:5      | Reached skill level 8 in Summonings
  6386 | D:5      | Reached * piety under Hepliaklqana
  6701 | D:5      | Identified the +2 robe of Gravitas {rPois rF- rN+++ Int-2}
  6936 | D:5      | Found Busy's Armour Shop.
  7366 | D:6      | Reached skill level 5 in Hexes
  7366 | D:6      | Reached skill level 9 in Summonings
  7469 | D:6      | Noticed Grinder
  7486 | D:6      | Reached XP level 8. HP: 28/28 MP: 6/12
  7619 | D:6      | Killed Grinder
  7725 | D:6      | Reached skill level 10 in Summonings
  8755 | D:7      | Noticed a two-headed ogre
  8767 | D:7      | Killed a two-headed ogre
  8768 | D:7      | Reached skill level 11 in Summonings
  8768 | D:7      | Reached XP level 9. HP: 31/31 MP: 5/13
  9433 | D:7      | Reached skill level 12 in Summonings
  9520 | D:7      | Reached ** piety under Hepliaklqana
  9521 | D:7      | Remembered your ancestor Centenhua as a knight
 10052 | D:8      | Noticed a two-headed ogre
 10073 | D:8      | Killed a two-headed ogre
 10074 | D:8      | Reached skill level 10 in Hexes
 10134 | D:8      | Found a blossoming altar of Fedhas.
 10719 | D:9      | Noticed Harold
 10745 | D:9      | Killed Harold
 10746 | D:9      | Reached XP level 10. HP: 35/35 MP: 3/14
 10844 | D:9      | Reached skill level 13 in Summonings
 11158 | D:9      | Learned a level 4 spell: Summon Lightning Spire
 11242 | D:9      | Reached *** piety under Hepliaklqana
 11344 | D:9      | Noticed a death yak
 11355 | D:9      | Noticed a death yak
 11357 | D:9      | Noticed a two-headed ogre
 11358 | D:9      | Noticed Prince Ribbit
 11364 | D:9      | Noticed a death yak
 11400 | D:9      | Killed a death yak
 11519 | D:9      | Killed Prince Ribbit
 11529 | D:9      | Killed a two-headed ogre
 11571 | D:9      | Reached skill level 14 in Summonings
 11577 | D:9      | Killed a death yak
 11578 | D:9      | Reached XP level 11. HP: 37/37 MP: 12/18
 11587 | D:9      | Killed a death yak
 11685 | D:9      | Found a staircase to the Lair.
 12124 | D:10     | Entered Level 10 of the Dungeon
 12325 | D:10     | Reached skill level 5 in Spellcasting
 12325 | D:10     | Reached skill level 5 in Air Magic
 12346 | D:10     | Hit by a large rock thrown by a cyclops
 12347 | D:10     | Reached XP level 10. HP: -5/35 MP: 16/18
 12369 | D:10     | Killed a cyclops
 12724 | D:10     | Noticed Maurice
 12739 | D:10     | Killed Maurice
 12796 | D:10     | Noticed a two-headed ogre
 12803 | D:10     | Killed a two-headed ogre
 13059 | D:11     | Learned a level 7 spell: Summon Hydra
 13069 | D:11     | Reached skill level 15 in Summonings
 13451 | D:11     | Identified the +11 whip of Truth {vorpal, rC++ rN++ Will-
                  | Dex+3}
 13660 | D:11     | Noticed a two-headed ogre
 13678 | D:11     | Reached XP level 11. HP: 38/38 MP: 18/21
 13715 | D:11     | Killed a two-headed ogre
 13815 | D:11     | Noticed a four-headed hydra
 13826 | D:11     | Killed a four-headed hydra
 13827 | D:11     | Reached skill level 5 in Dodging
 14007 | Lair:1   | Entered Level 1 of the Lair of Beasts
 14186 | Lair:1   | Reached **** piety under Hepliaklqana
 15272 | Lair:2   | Reached skill level 5 in Fighting
 15397 | Lair:2   | Noticed a bog body
 15404 | Lair:2   | Killed a bog body
 15613 | Lair:2   | Found a staircase to the Swamp.
 15973 | Lair:3   | Noticed a death yak
 15986 | Lair:3   | Killed a death yak
 16059 | Lair:3   | Reached skill level 1 in Invocations
 16114 | Lair:3   | Noticed a death yak
 16121 | Lair:3   | Killed a death yak
 16122 | Lair:3   | Gained mutation: Your thick and shaggy fur keeps you warm.
                  | (AC +3, rC+) [Felid growth]
 16122 | Lair:3   | Reached XP level 12. HP: 46/46 MP: 15/22
 17035 | Lair:3   | Found a hole to the Spider Nest.
 17122 | Lair:3   | Reached ***** piety under Hepliaklqana
 17506 | Lair:4   | Noticed a death yak
 17522 | Lair:4   | Noticed a death yak
 17532 | Lair:4   | Killed a death yak
 17541 | Lair:4   | Noticed a death yak
 17541 | Lair:4   | Noticed a death yak
 17542 | Lair:4   | Noticed a death yak
 17542 | Lair:4   | Noticed a death yak
 17553 | Lair:4   | Killed a death yak
 17571 | Lair:4   | Killed a death yak
 17572 | Lair:4   | Reached skill level 10 in Dodging
 17575 | Lair:4   | Killed a death yak
 17782 | Lair:4   | Noticed a six-headed hydra
 17985 | Lair:4   | Reached skill level 16 in Summonings
 18114 | Lair:4   | Killed a death yak
 18115 | Lair:4   | Reached skill level 5 in Invocations
 18115 | Lair:4   | Killed a death yak
 18660 | Lair:4   | Killed a six-headed hydra
 18865 | Lair:4   | Found a transporter.
 18869 | Lair:4   | Noticed Bytius's ghost (journeyman TeAE)
 18928 | Lair:4   | Found a transporter.
 19209 | Lair:5   | Reached XP level 13. HP: 53/53 MP: 11/23
 19592 | Lair:5   | Found a staircase to the Slime Pits.
 19592 | Lair:5   | Found a viscous altar of Jiyva.
 20539 | Lair:6   | Entered Level 6 of the Lair of Beasts
 20539 | Lair:6   | Found the +15 Maxwell's patent armour {-Cast -Tele rElec
                  | Will+ rCorr}
 21037 | Lair:6   | HP: 2/54 [steam dragon/ball of steam (17)]
 21663 | Lair:6   | Reached skill level 10 in Fighting
 23309 | D:12     | Noticed Nergalle
 23907 | D:12     | Reached XP level 14. HP: 59/59 MP: 0/24
 24074 | D:12     | Noticed Sonja
 24079 | D:12     | Killed Sonja
 24358 | D:12     | Found a portal to a secret trove of treasure.
 24559 | D:12     | Reached skill level 10 in Invocations
 24568 | D:12     | Killed from afar by Nergalle
 24569 | D:12     | Reached XP level 13. HP: -8/48 MP: 9/23
 24937 | D:12     | Reached skill level 17 in Summonings
 25927 | D:12     | Killed Nergalle
 26023 | D:12     | Found a staircase to the Orcish Mines.
 26187 | D:12     | Reached skill level 1 in Conjurations
 26608 | D:13     | Shot with an arrow by a centaur
 26609 | D:13     | Reached XP level 12. HP: -1/52 MP: 20/22
 26628 | D:13     | Noticed a catoblepas
 26665 | D:13     | Noticed a centaur warrior
 26673 | D:13     | Killed a centaur warrior
 26708 | D:13     | Noticed a centaur warrior
 26713 | D:13     | Killed a centaur warrior
 26723 | D:13     | Killed a catoblepas
 26962 | D:13     | Found Suepp's Book Shoppe.
 26970 | D:13     | Bought the Compendium of Creation for 520 gold pieces
 27154 | D:13     | Noticed a tengu warrior
 27166 | D:13     | Killed a centaur warrior
 27167 | D:13     | Reached skill level 1 in Necromancy
 27477 | D:13     | Noticed an ice dragon
 27487 | D:13     | Killed an ice dragon
 27563 | D:13     | Found a gate to the Vaults.
 27701 | D:13     | Killed a tengu warrior
 27904 | D:13     | Found a runed translucent gate.
 27904 | D:13     | Found a runed translucent gate.
 27904 | D:13     | Found a runed translucent gate.
 27905 | D:13     | Noticed an acid blob
 27906 | D:13     | Noticed an azure jelly
 27906 | D:13     | Noticed an acid blob
 27906 | D:13     | Noticed an acid blob
 27907 | D:13     | Noticed an azure jelly
 27907 | D:13     | Noticed an azure jelly
 27907 | D:13     | Noticed Corio's ghost (journeyman MyAr)
 27908 | D:13     | Noticed a rockslime
 27908 | D:13     | Noticed an acid blob
 27908 | D:13     | Noticed an acid blob
 28113 | D:13     | Slain by a skeletal warrior

Illustrated notes

Levels and vault maps discovered:
D:1:      eino_arrival_water_cross, layout_basic,
          shapermc_ecumenical_altar_venn, corexii_leaking_fountain,
          minmay_pentomino_z4
D:2:      layout_basic, minmay_misc_feat_five
D:3:      layout_loops_ring, kennysheep_nub, uniq_robin
D:4:      layout_basic, temple_statues, serial_glass, glass_columns_a,
          glass_columns_c, glass_columns_b, glass_columns_b,
          ebering_ghost_reflecting_pool
D:5:      layout_basic, ebering_ghost_sewer_d, serial_shops, shop,
          supply_closet_lemuel, nicolae_fountain_basement
D:6:      layout_basic, uniq_grinder
D:7:      layout_basic
D:8:      layout_gridville, fedhas_altar_2
D:9:      layout_roguey, dpeg_lair_monsters, serial_undead, serial_undead_a,
          serial_undead_a, serial_undead_c, serial_undead_f, serial_undead_d,
          serial_undead_f, uniq_harold, uniq_prince_ribbit1
D:10:     layout_roguey, uniq_maurice
D:11:     layout_rooms, minmay_puff
D:12:     hangedman_arrow_trap, layout_long_grid, david_orc_5, enter_trove_1,
          uniq_nergalle, uniq_sonja
D:13:     layout_basic, david_vaults_4, gammafunk_ghost_ooze, serial_shops, shop
Temple:   mainiacjoe_temple_circle_huts
Lair:1:   layout_big_grid
Lair:2:   layout_roguey, nicolae_swamp_entry_splash_gauntlet
Lair:3:   kb_forest_paths, layout_gridlike,
          hellmonk_spider_entry_life_and_decay, basic_altar,
          infiniplex_staircase_pool
Lair:4:   layout_hall_layers, gammafunk_ghost_berserking_beasts,
          nicolae_quartered_pool_little, grunt_megastairs_4, lemuel_fruit_fields
Lair:5:   layout_misc_corridors, slime_altar_1, special_room [special_room_bee]
Lair:6:   gammafunk_lair_ancient_temple, layout_regular_city,
          serial_bayou_pond_c, wad_woods_road_03, dreamdust_deal_with_the_devil,
          nicolae_lair_lil_pond, lemuel_fruit_fields

Skill      XL: |  1  2  3  4  5  6  7  8  9 10 11 12 13 14 |
---------------+-------------------------------------------+-----
Summonings     | 5 6 7 9 11 12 15 16 17 | 17.3
Fighting       | 1 2 6 8 10 | 10.0
Hexes          | 1 3 5 8 10 | 10.0
Air Magic      | 2 4 5 |  5.0
Spellcasting   | 6 5 |  6.0
Dodging        | 3 8 10 | 10.0
Invocations    | 1 11 9 10 | 11.3
Conjurations   | 2 1 |  2.1
Necromancy     | 2 |  2.7
Stealth        | |  2.6

Action                   |  1- 3 |  4- 6 |  7- 9 | 10-12 | 13-15 || total
-------------------------+-------+-------+-------+-------+-------++-------
Melee: Unarmed           |    38 |    16 |    12 |    25 |    27 ||   118
       Bite              |     1 |     4 |     3 |     1 |     5 ||    14
       Punch             |       |       |       |       |     1 ||     1
 Cast: Summon Small Mamm |    43 |     4 |       |       |       ||    47
       Call Imp          |    21 |    16 |     5 |     2 |     2 ||    46
       Call Canine Famil |     1 |    32 |    28 |    64 |    39 ||   164
       Summon Guardian G |       |       |    27 |    61 |    25 ||   113
       Summon Lightning  |       |       |       |    38 |    44 ||    82
       Summon Hydra      |       |       |       |     9 |    20 ||    29
Invok: Recall Ancestor   |       |       |     6 |    15 |     4 ||    25
       Ancestor Life: Kn |       |       |     1 |       |       ||     1
       Transference      |       |       |       |     1 |     2 ||     3
       Idealise          |       |       |       |       |     1 ||     1
Evoke: Wand              |       |       |       |     2 |       ||     2
       Box of beasts     |       |       |       |       |     1 ||     1
  Use: Potion            |       |       |     3 |       |     2 ||     5
       Scroll            |       |       |       |    17 |     7 ||    24
 Stab: Sleeping          |     2 |     1 |     1 |       |       ||     4
       Distracted        |       |       |     1 |     1 |     1 ||     3
       Petrified         |       |       |       |     1 |       ||     1
Armor: Skin              |    14 |     6 |     5 |     5 |     8 ||    38
Dodge: Dodged            |    56 |    34 |    11 |    35 |    77 ||   213

Table legend: (Time is in decaauts)
 A = Elapsed time spent in this place.
 B = Non-inter-level travel time spent in this place.
 C = Inter-level travel time spent in this place.
 D = Time resting spent in this place.
 E = Time spent auto-exploring this place.
 F = Levels seen in this place.
 G = Mean time per level.
                   A        B        C        D        E       F      G
               +--------+--------+--------+--------+--------+-----+--------+
         Total |  25406 |  24476 |    930 |   5554 |  13518 |  20 | 1270.3 |
       Dungeon |  16832 |  16192 |    640 |   3269 |   9273 |  13 | 1294.8 |
        Temple |    164 |    156 |      8 |      0 |    134 |   1 |  164.0 |
          Lair |   8409 |   8128 |    281 |   2284 |   4110 |   6 | 1401.5 |
               +--------+--------+--------+--------+--------+-----+--------+

Top non-repeatable levels by time:
    D:12: 2141 daAuts
  Lair:6: 2132 daAuts
     D:1: 1884 daAuts
    D:11: 1791 daAuts
  Lair:3: 1672 daAuts
  Lair:4: 1602 daAuts
     D:4: 1586 daAuts
     D:5: 1431 daAuts
    D:13: 1417 daAuts
     D:9: 1312 daAuts
     D:6: 1297 daAuts
  Lair:5: 1255 daAuts
  Lair:2: 980 daAuts
     D:8: 911 daAuts
    D:10: 853 daAuts
